 Dungeon Crawl Stone Soup version 0.22-a0-558-gc2241811a9 (webtiles) character file.

232 D1HalberdGnoll the Charlatan (level 6, -2/47 HPs)
             Began as a Gnoll Artificer on June 26, 2018.
             Slain by Grinder (5 damage)
             ... on level 4 of the Dungeon.
             The game lasted 00:04:01 (3199 turns).

D1HalberdGnoll the Charlatan (Gnoll Artificer)      Turns: 3199, Time: 00:04:02

Health: -2/47      AC:  6    Str: 16    XL:     6   Next: 4%
Magic:  11/11      EV: 12    Int: 13    God:
Gold:   133        SH:  4    Dex: 16    Spells: 8/8 levels left

rFire    . . .     SeeInvis .   a - +0 short sword
rCold    . . .     Gourm    .   i - +0 buckler
rNeg     . . .     Faith    .   j - +0 scale mail
rPois    .         Spirit   .   (no helmet)
rElec    .         Reflect  .   (no cloak)
rCorr    .         Harm     .   (no gloves)
MR       .....                  (no boots)
Stlth    +.........             (no amulet)
HPRegen  0.15/turn              (no ring)
MPRegen  0.12/turn              (no ring)

@: no status effects
A: distributed training, fangs 1, strong nose
a: no special abilities


You were on level 4 of the Dungeon.
You were hungry.

You visited 1 branch of the dungeon, and saw 4 of its levels.

You collected 133 gold pieces.

Inventory:

Hand Weapons
 a - a +0 short sword (weapon)
Armour
 i - a +0 buckler (worn)
 j - a +0 scale mail (worn)
Jewellery
 o - an uncursed amulet of the gourmand {unknown}
 p - an uncursed ring of protection from magic {unknown}
Wands
 c - a wand of flame (3)
 d - a wand of enslavement (13)
 e - a wand of random effects (8)
Scrolls
 g - a scroll of remove curse {unknown}
 k - a scroll of teleportation {unknown}
 l - 2 scrolls of identify {unknown}
 q - a scroll of blinking {unknown}
 s - a scroll of noise {unknown}
Potions
 b - a potion of cancellation {unknown}
 h - 2 potions of flight {unknown}
 m - a potion of lignification
 n - a potion of curing
 r - a potion of might {unknown}
 t - a potion of brilliance {unknown}
Comestibles
 f - 4 rations


   Skills:
 + Level 3.1 Fighting
 + Level 3.1 Short Blades
 + Level 1.7 Long Blades
 + Level 1.7 Axes
 + Level 1.7 Maces & Flails
 + Level 1.7 Polearms
 + Level 1.7 Staves
 + Level 1.7 Slings
 + Level 1.7 Bows
 + Level 1.7 Crossbows
 + Level 1.7 Throwing
 + Level 1.7 Armour
 + Level 4.9 Dodging
 + Level 2.9 Stealth
 + Level 1.7 Shields
 + Level 1.7 Unarmed Combat
 + Level 1.7 Spellcasting
 + Level 1.3 Conjurations
 + Level 1.3 Hexes
 + Level 1.3 Charms
 + Level 1.3 Summonings
 + Level 1.3 Necromancy
 + Level 1.3 Translocations
 + Level 1.3 Transmutations
 + Level 1.3 Fire Magic
 + Level 1.3 Ice Magic
 + Level 1.3 Air Magic
 + Level 1.3 Earth Magic
 + Level 1.3 Poison Magic
 + Level 1.9 Invocations
 + Level 6.7 Evocations


You had 8 spell levels left.
You didn't know any spells.
Your spell library was empty.

Dungeon Overview and Level Annotations

Branches:
Dungeon (4/15)
 Temple: D:4-7

Altars:
Sif Muna
Uskayaw

Annotations:
D:3 1 runed door, mrsnowman's ghost, amateur MiFi
D:4 Grinder


Innate Abilities, Weirdness & Mutations

Your experience applies equally to all skills.
You have very sharp teeth.
Your uncanny sense of smell can sniff out nearby items.


Message History

Grinder is severely wounded.
You feel less wooden.
Your +0 scale mail unmelds from your body.
Grinder seems to return to her normal shape.
You barely miss Grinder.
Grinder is severely wounded.
Grinder hits you but does no damage.
You hit Grinder but do no damage.
Grinder is severely wounded.
Grinder gestures at you.
You suddenly lose the ability to move!
Grinder hits you but does no damage. Grinder completely misses you.
You can move again.
You hit Grinder but do no damage.
Grinder is severely wounded.
Grinder hits you.
* * * LOW HITPOINT WARNING * * *
You writhe in agony.
You die...

### # ... ########## #
#####.####...[..(.######
........................
..###.#.##........######
# #.##.######## # #.##..
# ∆ #@##### # #5# # #.#
# #.# # #.# ∆ # ..# #
### ### #.. #..


You could see Grinder.

Vanquished Creatures
  4 orc wizards (D:4)
  7 adders
  An ooze (D:3)
  2 worms (D:3)
  3 dart slugs
  9 orcs
  A ball python (D:2)
  2 giant cockroaches (D:1)
  6 hobgoblins
  4 jackals
  2 quokkas
  9 bats
  2 frilled lizards
  2 goblins (D:3)
  5 kobolds
  5 rats
64 creatures vanquished.

Vanquished Creatures (collateral kills)
  A giant cockroach (D:1)
1 creature vanquished.

Vanquished Creatures (others)
  A dart slug (D:1)
  2 withered plants (D:3)
3 creatures vanquished.

Grand Total: 68 creatures vanquished

Notes
Turn   | Place    | Note
-------+----------+-------------------------------------------
     0 | D:1      | D1HalberdGnoll the Gnoll Artificer began the quest for the Orb.
     0 | D:1      | Reached XP level 1. HP: 17/17 MP: 4/4
   330 | D:1      | Reached XP level 2. HP: 4/23 MP: 6/6
  1067 | D:1      | Reached XP level 3. HP: 28/28 MP: 7/7
  1531 | D:2      | Reached skill level 1 in Invocations
  1684 | D:2      | Reached skill level 1 in Long Blades
  1684 | D:2      | Reached skill level 1 in Axes
  1684 | D:2      | Reached skill level 1 in Maces & Flails
  1684 | D:2      | Reached skill level 1 in Polearms
  1684 | D:2      | Reached skill level 1 in Staves
  1684 | D:2      | Reached skill level 1 in Slings
  1684 | D:2      | Reached skill level 1 in Bows
  1684 | D:2      | Reached skill level 1 in Crossbows
  1684 | D:2      | Reached skill level 1 in Throwing
  1684 | D:2      | Reached skill level 1 in Armour
  1684 | D:2      | Reached skill level 1 in Shields
  1684 | D:2      | Reached skill level 1 in Unarmed Combat
  1684 | D:2      | Reached skill level 1 in Spellcasting
  1785 | D:2      | Reached XP level 4. HP: 34/34 MP: 8/8
  1912 | D:2      | Found a deep blue altar of Sif Muna.
  1916 | D:2      | Found a hide-covered altar of Uskayaw.
  2175 | D:3      | Reached skill level 1 in Conjurations
  2175 | D:3      | Reached skill level 1 in Hexes
  2175 | D:3      | Reached skill level 1 in Charms
  2175 | D:3      | Reached skill level 1 in Summonings
  2175 | D:3      | Reached skill level 1 in Necromancy
  2175 | D:3      | Reached skill level 1 in Translocations
  2175 | D:3      | Reached skill level 1 in Transmutations
  2175 | D:3      | Reached skill level 1 in Fire Magic
  2175 | D:3      | Reached skill level 1 in Ice Magic
  2175 | D:3      | Reached skill level 1 in Air Magic
  2175 | D:3      | Reached skill level 1 in Earth Magic
  2175 | D:3      | Reached skill level 1 in Poison Magic
  2479 | D:3      | Found a runed door.
  2479 | D:3      | Noticed mrsnowman's ghost (amateur MiFi)
  2556 | D:3      | Reached XP level 5. HP: 33/40 MP: 9/9
  2888 | D:4      | Reached XP level 6. HP: 17/47 MP: 11/11
  3142 | D:4      | Noticed Grinder
  3179 | D:4      | Paralysed by Grinder for 4 turns
  3194 | D:4      | Paralysed by Grinder for 5 turns
  3199 | D:4      | Slain by Grinder

Vault maps used:
D:1:      eino_arrival_cavern_d
D:2:      nicolae_overflow_hidden_temple, minmay_misc_feat_doors
D:3:      gammafunk_ghost_grave
D:4:      lemuel_castle_with_subvaults, minmay_temple_entry_poolview,
          first_ration, supply_closet_lemuel, kennysheep_okawaru_gauntlet,
          uniq_grinder

Skill      XL: |  1  2  3  4  5 |
---------------+----------------+-----
Invocations    | 1 |  1.9
Long Blades    | 1 |  1.7
Axes           | 1 |  1.7
Maces & Flails | 1 |  1.7
Polearms       | 1 |  1.7
Staves         | 1 |  1.7
Slings         | 1 |  1.7
Bows           | 1 |  1.7
Crossbows      | 1 |  1.7
Throwing       | 1 |  1.7
Armour         | 1 |  1.7
Shields        | 1 |  1.7
Unarmed Combat | 1 |  1.7
Spellcasting   | 1 |  1.7
Conjurations   | 1 |  1.3
Hexes          | 1 |  1.3
Charms         | 1 |  1.3
Summonings     | 1 |  1.3
Necromancy     | 1 |  1.3
Translocations | 1 |  1.3
Transmutations | 1 |  1.3
Fire Magic     | 1 |  1.3
Ice Magic      | 1 |  1.3
Air Magic      | 1 |  1.3
Earth Magic    | 1 |  1.3
Poison Magic   | 1 |  1.3
Fighting       | 3 |  3.1
Short Blades   | 3 |  3.1
Dodging        | |  4.9
Stealth        | |  2.9
Evocations     | |  6.7

Action                   |  1- 3 |  4- 6 || total
-------------------------+-------+-------++-------
Melee: Short sword       |   129 |   161 ||   290
       Bite              |     7 |    21 ||    28
Evoke: Wand              |     7 |    14 ||    21
  Use: Potion            |       |     2 ||     2
 Stab: Sleeping          |     1 |       ||     1
  Eat: Chunk             |     3 |     4 ||     7
Armor: Leather armour    |    19 |       ||    19
       Scale mail        |    27 |    41 ||    68
       Skin              |       |     1 ||     1
Dodge: Dodged            |    84 |    73 ||   157
Block: Buckler           |    18 |    26 ||    44

Table legend:
 A = Spawn XP
 B = Non-spawn XP
 C = Spawn XP percentage of total XP
 D = Spawn monster count
 E = Non-spawn monster count
 F = Spawn count percentage of total count
 G = Total turns spent on level
                    A         B        C        D         E        F      G
               +---------+---------+-------+---------+---------+-------+---------
         Total |       0 |     332 |   0.0 |       0 |      65 |   0.0 |  3199
               +---------+---------+-------+---------+---------+-------+---------
           D:1 |       0 |      34 |   0.0 |       0 |      20 |   0.0 |  1285
           D:2 |       0 |      86 |   0.0 |       0 |      17 |   0.0 |   881
           D:3 |       0 |      65 |   0.0 |       0 |      16 |   0.0 |   658
           D:4 |       0 |     147 |   0.0 |       0 |      12 |   0.0 |   375
               +---------+---------+-------+---------+---------+-------+---------
